 Dungeon Crawl Stone Soup version 0.17.2-1-ge4368a0 (webtiles) character file.

938 ololoev the Chopper (level 7, 50/52 HPs)
             Began as a Demonspawn Berserker on July 25, 2016.
             Was a Believer of Trog.
             Starved to death
             ... while paralysed
             ... on level 8 of the Dungeon.
             The game lasted 00:12:18 (1421 turns).

ololoev the Chopper (Demonspawn Berserker)          Turns: 1421, Time: 00:12:18

Health: 50/52      AC: 16    Str: 21      XL:     7   Next: 87%
Magic:  6/6        EV:  2    Int:  9      God:    Trog [**....]
Gold:   162        SH:  0    Dex:  9 (12) Spells: 0 memorised, 6 levels left

rFire  . . .     SeeInvis .     a - +0 hand axe
rCold  . . .     Rnd*Rage +     n - +0 plate armour
rNeg   . . .     SustAt   .     (no shield)
rPois  .         Gourm    .     (no helmet)
rElec  .         Spirit   .     (no cloak)
rCorr  .         Warding  .     (no gloves)
rMut   .         Stasis   .     (no boots)
MR     .....                    (no amulet)
Stlth  ..........               (no ring)
                                (no ring)

@: paralysed, mildly poisoned (50 -> 49), fainting, not resistant to hostile
enchantments, extremely unstealthy
A: iridescent scales 1, berserk 1, blurry vision 1, low mp 1, powered by death
3, strong 1, evolution 1
a: Berserk, Trog's Hand, Burn Spellbooks, Renounce Religion


Innate Abilities, Weirdness & Mutations

You are partially covered in iridescent scales (AC +4).
You regenerate a lot of health from kills.
You tend to lose your temper in combat.
Scrolls take you a little longer to read.
Your magical capacity is low (-10% MP).
Your muscles are strong. (Str +2)
You evolve.

Inventory:

Hand Weapons
 a - a +0 hand axe (weapon)
Armour
 n - a +0 plate armour (worn)
Scrolls
 d - 2 scrolls of recharging {unknown}
 e - a scroll of noise {unknown}
 g - a scroll of amnesia {unknown}
 h - 2 scrolls of remove curse {unknown}
 j - 5 scrolls of identify {unknown}
 k - 2 scrolls of enchant weapon {unknown}
 l - a scroll of teleportation {unknown}
 m - a scroll of fog {unknown}
 q - 3 scrolls of random uselessness {unknown}
Potions
 i - a potion of brilliance
Comestibles
 c - a bread ration
 p - 3 chunks of flesh


   Skills:
 - Level 3.0 Fighting
 * Level 7.2 Axes
 + Level 5.1 Armour
 - Level 1.7 Dodging


You had 6 spell levels left.
You didn't know any spells.


You were on level 8 of the Dungeon.
You worshipped Trog.
Trog was pleased with you.
You were fainting.

You visited 2 branches of the dungeon, and saw 9 of its levels.

You collected 162 gold pieces.

#.......... ###..###...# ....
#..<.......#.............##.###
#..##########.................
...$.. ........###......###.##
..#... .....................#
..#.### #..$...####.##..##..# .
.. +......+............# #.#.
#......####.##......### .#.
#..@................
#..W####.###.#..#### #(..#
#.###.#..# #...# #..##'#..#
.....# ##.#.....# ###.#..
##.......#### .##..
#............ ## 8..
###.#.#..#... #............

Notes
Turn   | Place    | Note
--------------------------------------------------------------
     0 | D:1      | ololoev the Demonspawn Berserker began the quest for the Orb.
     0 | D:1      | Reached XP level 1. HP: 18/18 MP: 1/1
   110 | D:1      | Gained mutation: You are partially covered in iridescent scales (AC +4). [demonic ancestry]
   110 | D:1      | Reached XP level 2. HP: 8/24 MP: 2/2
   272 | D:1      | Reached ** piety under Trog
   345 | D:2      | Gained mutation: You regenerate a little health from kills. [demonic ancestry]
   345 | D:2      | Reached XP level 3. HP: 25/29 MP: 3/3
   621 | D:3      | Reached skill level 4 in Axes
   621 | D:3      | Gained mutation: You regenerate health from kills. [demonic ancestry]
   621 | D:3      | Reached XP level 4. HP: 35/35 MP: 4/4
   655 | D:4      | Noticed Sigmund
   740 | D:4      | Reached XP level 5. HP: 9/41 MP: 5/5
   756 | D:4      | Noticed Grinder
   760 | D:4      | Noticed Blork the orc
   780 | D:4      | Killed Blork the orc
   780 | D:4      | Reached skill level 5 in Axes
   798 | D:4      | Killed Grinder
   798 | D:4      | Gained mutation: You regenerate a lot of health from kills. [demonic ancestry]
   798 | D:4      | Reached XP level 6. HP: 47/47 MP: 6/6
   899 | D:4      | Killed Sigmund
   899 | D:4      | Reached skill level 6 in Axes
   899 | D:4      | Reached XP level 7. HP: 52/52 MP: 7/7
   956 | D:4      | Found a staircase to the Ecumenical Temple.
   961 | Temple   | Entered the Ecumenical Temple
  1000 | D:5      | Entered Level 5 of the Dungeon
  1046 | D:5      | You fall through a shaft for 2 floors!
  1245 | D:8      | Gained mutation: You tend to lose your temper in combat. [potion of mutation]
  1245 | D:8      | Gained mutation: Your muscles are strong. (Str +2) [potion of mutation]
  1245 | D:8      | Gained mutation: You evolve. [potion of mutation]
  1262 | D:8      | Reached skill level 7 in Axes
  1281 | D:8      | Reached skill level 5 in Armour
  1287 | D:8      | Gained mutation: Your magical capacity is low (-10% MP). [mutagenic meat]
  1288 | D:8      | Gained mutation: Scrolls take you a little longer to read. [mutagenic meat]
  1421 | D:8      | Starved to death

Dungeon Overview and Level Annotations

Branches:
Dungeon (9/15)             Temple (1/1) D:4
   Lair: D:8-11         Orc: D:9-12

Altars:
Kikubaaqudgha
Makhleb
Okawaru


Message History

You miss the hungry ghost.
The hungry ghost is lightly damaged.
You feel sick. The hungry ghost hits you.
You are fainting from starvation!
You hit the hungry ghost.
The hungry ghost is moderately damaged.
The hungry ghost hits you.
You feel slightly more hungry.
You hit the hungry ghost but do no damage.
The hungry ghost is moderately damaged.
You feel the effects of Trog's Hand fading.
You feel sick. The hungry ghost hits you.
You feel slightly more hungry.
You hit the hungry ghost.
The hungry ghost is heavily damaged.
The hungry ghost hits you.
You feel slightly more hungry.
You hit the hungry ghost but do no damage.
The hungry ghost is heavily damaged.
You feel sick. The hungry ghost hits you.
You feel slightly more hungry.
Your plate armour prevents you from hitting the hungry ghost.
The hungry ghost is heavily damaged.
The hungry ghost barely misses you.
You closely miss the hungry ghost.
The hungry ghost is heavily damaged.
The hungry ghost hits you.
You feel slightly more hungry.
You miss the hungry ghost.
The hungry ghost is heavily damaged.
You feel sick.
You completely miss the hungry ghost.
The hungry ghost is heavily damaged.
You lose consciousness!
Your skin stops crawling.
You feel less resistant to hostile enchantments.
The hungry ghost hits you.
You feel slightly more hungry. The hungry ghost hits you.
You feel slightly more hungry.
You feel sick. The hungry ghost hits you.
You feel slightly more hungry. The hungry ghost hits you.
You feel slightly more hungry. The hungry ghost hits you.
You feel slightly more hungry. The hungry ghost hits you.
You feel slightly more hungry.
You feel sick. The hungry ghost barely misses you.
You have starved to death.
You die...

You could see a hungry ghost.

Vanquished Creatures
  Grinder (D:4)
  Sigmund (D:4)
  A hungry ghost (D:8)
  An ice beast (D:7)
  A sky beast (D:8)
  Blork the orc (D:4)
  An orc priest (D:3)
  2 worker ants
  A hound skeleton (D:4)
  3 gnolls (D:3)
  2 adders
  A shadow imp (D:8)
  An ooze (D:1)
  An adder skeleton (D:8)
  2 worms
  A giant gecko (D:4)
  9 orcs (D:3)
  3 giant cockroaches
  3 goblins (D:1)
  3 hobgoblins
  6 kobolds
  2 quokkas
  3 bats
  2 giant newts (D:1)
  7 jackals (D:1)
  5 rats
64 creatures vanquished.

Vanquished Creatures (others)
  A plant (D:4)
1 creature vanquished.

Grand Total: 65 creatures vanquished

Action                   |  1- 3 |  4- 6 |  7- 9 || total
-------------------------+-------+-------+-------++-------
Melee: Hand axe          |   126 |   115 |    91 ||   332
Invok: Berserk           |     2 |     2 |     1 ||     5
       Trog's Hand       |     1 |     6 |     2 ||     9
  Use: Potion            |       |     2 |     7 ||     9
  Eat: Chunk             |       |     3 |     4 ||     7
       Beef jerky        |       |     1 |       ||     1
       Bread ration      |       |       |     5 ||     5
       Meat ration       |       |       |     1 ||     1

Vault maps used:
D:1:      roderic_chinese_lattice_arrival
D:3:      minitemple
D:4:      nicolae_dithmenos_through_a_glass_darkly, temple_doors_e,
          saegor_snake_ambush, uniq_blork_the_orc, uniq_sigmund, uniq_grinder
D:5:      first_bread
D:7:      uniq_prince_ribbit1
D:8:      serial_shops, shop, serial_corexii_hall, corexii_hall_statues_l,
          corexii_hall_statues_x
D:9:      orc_0_dummy
Temple:   triangle_lava_temple_12
